[ PARTIDA AOE2 · #495034779 ]
UnrankedEtíopes vs Spanish
[ ANÁLISIS DE REPETICIÓN · EXTRAÍDO DE LA PARTIDA GRABADA ]
Feudal
8:54
Castillos
—
Imperial
—
| APM promedio | 69.6 |
| APM pico | 99 |
| eAPM promedio | 28.4 |
| Aldeanos / militares | 52 / 44 |
Foco
⚔️ 60.4% · 🌾 39.6%
Archer ×44
Feudal
9:24
Castillos
—
Imperial
—
| APM promedio | 30.9 |
| APM pico | 46 |
| eAPM promedio | 15.7 |
| Aldeanos / militares | 45 / 18 |
Foco
⚔️ 39.0% · 🌾 61.0%
Scout Cavalry ×18
Feudal
9:37
Castillos
—
Imperial
—
| APM promedio | 77.7 |
| APM pico | 110 |
| eAPM promedio | 29.8 |
| Aldeanos / militares | 54 / 17 |
Foco
⚔️ 32.4% · 🌾 67.6%
Scout Cavalry ×9 · Spearman ×8
Feudal
10:50
Castillos
—
Imperial
—
| APM promedio | 41.1 |
| APM pico | 69 |
| eAPM promedio | 15.6 |
| Aldeanos / militares | 43 / 9 |
Foco
⚔️ 32.6% · 🌾 67.4%
Spearman ×6 · Skirmisher ×3
Mapa de la partida
Recursos iniciales + cada clic de construcción. Líneas = muros · curvas = relieve. ◆ oro · ⬟ piedra · ● bayas · ✦ reliquia · ◌ hueco del cierre
Tu base· Abierta — flanco sin cerrar
Base de HeliosRK· ✓ Cerrada en 12:00 · 50t muro · sin puerta
Base de PedroAOE· Abierta — flanco sin cerrar
Base de ElemenTerra· Abierta — flanco sin cerrar
Terreno inicial suavizado · ◌ = hueco del cierre detectado · pasá el cursor para detalles
Inputs por minuto
— DS_VARVAGOD - - HeliosRK
Build order — DS_VARVAGOD
149 acciones detectadas en el replay
| 0:00 | Crear | Villager (Male) |
| 0:01 | Crear | Villager (Male) |
| 0:02 | Construir | House |
| 0:02 | Construir | House |
| 0:10 | Crear | Villager (Male) |
| 0:10 | Crear | Villager (Male) |
| 1:28 | Crear | Villager (Male) |
| 1:54 | Construir | Lumber Camp |
| 1:59 | Crear | Villager (Male) |
| 1:59 | Crear | Villager (Male) |
| 2:05 | Crear | Villager (Male) |
| 2:05 | Crear | Villager (Male) |
| 2:29 | Crear | Villager (Male) |
| 2:29 | Crear | Villager (Male) |
| 2:29 | Crear | Villager (Male) |
| 3:05 | Crear | Villager (Male) |
| 3:05 | Crear | Villager (Male) |
| 3:47 | Crear | Villager (Male) |
| 3:48 | Crear | Villager (Male) |
| 4:16 | Construir | House |
| 4:39 | Crear | Villager (Male) |
| 4:39 | Crear | Villager (Male) |
| 4:39 | Crear | Villager (Male) |
| 4:41 | Crear | Villager (Male) |
| 4:41 | Crear | Villager (Male) |
| 5:03 | Crear | Villager (Male) |
| 5:19 | Construir | Mining Camp |
| 5:28 | Crear | Villager (Male) |
| 5:28 | Crear | Villager (Male) |
| 6:14 | Investigar | Loom |
| 6:39 | Investigar | Feudal Age |
| 6:39 | Investigar | Feudal Age |
| 7:25 | Crear | Villager (Male) |
| 7:56 | Construir | Barracks |
| 7:59 | Construir | House |
| 8:07 | Crear | Villager (Male) |
| 8:54 | Edad | Edad Feudal |
| 8:57 | Construir | Archery Range |
| 9:13 | Construir | Archery Range |
| 9:19 | Crear | Villager (Male) |
| 9:38 | Crear | Villager (Male) |
| 9:48 | Crear | Archer |
| 10:05 | Construir | House |
| 10:09 | Construir | House |
| 10:15 | Crear | Archer |
| 10:15 | Crear | Archer |
| 10:37 | Crear | Villager (Male) |
| 10:38 | Crear | Villager (Male) |
| 10:40 | Construir | Mill |
| 10:41 | Crear | Villager (Male) |
| 10:45 | Construir | House |
| 10:47 | Construir | Palisade Wall |
| 10:49 | Crear | Archer |
| 10:49 | Crear | Archer |
| 11:10 | Crear | Villager (Male) |
| 11:11 | Crear | Archer |
| 11:11 | Crear | Archer |
| 11:17 | Crear | Villager (Male) |
| 11:28 | Construir | Blacksmith |
| 11:30 | Crear | Villager (Male) |
| 11:46 | Crear | Archer |
| 11:46 | Crear | Archer |
| 12:03 | Construir | House |
| 12:08 | Investigar | Fletching |
| 12:08 | Investigar | Fletching |
| 12:27 | Crear | Archer |
| 12:27 | Crear | Archer |
| 12:28 | Crear | Villager (Male) |
| 12:36 | Crear | Villager (Male) |
| 12:52 | Crear | Villager (Male) |
| 12:53 | Construir | House |
| 12:54 | Construir | Palisade Wall |
| 12:56 | Construir | Palisade Wall |
| 13:46 | Crear | Archer |
| 13:46 | Crear | Archer |
| 13:48 | Crear | Villager (Male) |
| 13:49 | Crear | Archer |
| 13:49 | Crear | Archer |
| 14:00 | Crear | Villager (Male) |
| 14:02 | Construir | Farm |
| 14:04 | Construir | Farm |
| 14:05 | Construir | Farm |
| 14:10 | Construir | Farm |
| 14:11 | Construir | Farm |
| 14:25 | Crear | Villager (Male) |
| 14:26 | Crear | Archer |
| 14:26 | Crear | Archer |
| 14:36 | Crear | Archer |
| 14:36 | Crear | Archer |
| 14:45 | Crear | Villager (Male) |
| 14:47 | Construir | Farm |
| 14:49 | Crear | Archer |
| 14:56 | Construir | Farm |
| 15:38 | Crear | Archer |
| 15:38 | Crear | Archer |
| 15:39 | Crear | Villager (Male) |
| 15:43 | Crear | Villager (Male) |
| 15:44 | Crear | Archer |
| 15:44 | Crear | Archer |
| 15:46 | Construir | Farm |
| 15:47 | Construir | Farm |
| 16:04 | Crear | Villager (Male) |
| 16:05 | Crear | Archer |
| 16:05 | Crear | Archer |
| 16:11 | Construir | House |
| 16:12 | Construir | House |
| 16:15 | Construir | House |
| 16:16 | Construir | Palisade Wall |
| 16:18 | Construir | Palisade Wall |
| 16:19 | Construir | Palisade Wall |
| 16:28 | Crear | Villager (Male) |
| 16:29 | Crear | Archer |
| 16:29 | Crear | Archer |
| 16:31 | Construir | Palisade Wall |
| 16:32 | Construir | Palisade Wall |
| 16:35 | Construir | Palisade Wall |
| 16:38 | Construir | Palisade Wall |
| 16:44 | Crear | Archer |
| 16:44 | Crear | Archer |
| 16:51 | Crear | Archer |
| 16:52 | Crear | Archer |
| 16:52 | Crear | Archer |
| 16:52 | Crear | Villager (Male) |
| 17:11 | Crear | Villager (Male) |
| 17:12 | Crear | Archer |
| 17:12 | Crear | Archer |
| 17:20 | Construir | House |
| 17:23 | Construir | Palisade Wall |
| 17:26 | Crear | Archer |
| 17:29 | Crear | Villager (Male) |
| 17:34 | Crear | Archer |
| 17:34 | Crear | Archer |
| 17:42 | Construir | House |
| 18:05 | Crear | Villager (Male) |
| 18:06 | Crear | Archer |
| 18:06 | Crear | Archer |
| 18:10 | Construir | Farm |
| 18:10 | Construir | Farm |
| 18:14 | Construir | Farm |
| 18:16 | Construir | Farm |
| 18:41 | Crear | Villager (Male) |
| 18:44 | Construir | Lumber Camp |
| 18:56 | Construir | Farm |
| 19:09 | Crear | Archer |
| 19:10 | Crear | Archer |
| 20:26 | Crear | Archer |
| 20:26 | Crear | Archer |
| 20:31 | Crear | Villager (Male) |
| 20:31 | Crear | Villager (Male) |
Build order — HeliosRK
125 acciones detectadas en el replay
| 0:01 | Crear | Villager (Male) |
| 0:01 | Crear | Villager (Male) |
| 0:02 | Construir | House |
| 0:03 | Construir | House |
| 0:17 | Crear | Villager (Male) |
| 0:18 | Crear | Villager (Male) |
| 1:23 | Crear | Villager (Male) |
| 1:49 | Construir | Lumber Camp |
| 2:05 | Crear | Villager (Male) |
| 2:06 | Crear | Villager (Male) |
| 2:13 | Crear | Villager (Male) |
| 2:13 | Crear | Villager (Male) |
| 2:44 | Crear | Villager (Male) |
| 2:45 | Crear | Villager (Male) |
| 3:04 | Crear | Villager (Male) |
| 3:14 | Construir | House |
| 3:15 | Construir | House |
| 3:16 | Construir | House |
| 3:48 | Crear | Villager (Male) |
| 3:49 | Crear | Villager (Male) |
| 3:49 | Crear | Villager (Male) |
| 4:35 | Crear | Villager (Male) |
| 4:35 | Crear | Villager (Male) |
| 4:36 | Crear | Villager (Male) |
| 4:36 | Crear | Villager (Male) |
| 4:43 | Construir | Mill |
| 5:00 | Crear | Villager (Male) |
| 5:56 | Crear | Villager (Male) |
| 6:27 | Crear | Villager (Male) |
| 7:14 | Investigar | Feudal Age |
| 7:14 | Investigar | Feudal Age |
| 7:23 | Construir | Barracks |
| 8:13 | Crear | Villager (Male) |
| 8:21 | Construir | House |
| 8:23 | Construir | House |
| 8:36 | Construir | House |
| 8:40 | Construir | Palisade Wall |
| 8:42 | Construir | Palisade Wall |
| 9:15 | Construir | Palisade Wall |
| 9:24 | Edad | Edad Feudal |
| 9:30 | Crear | Villager (Male) |
| 9:32 | Investigar | Loom |
| 9:34 | Crear | Villager (Male) |
| 10:02 | Construir | Stable |
| 10:18 | Construir | House |
| 10:26 | Crear | Villager (Male) |
| 10:47 | Investigar | Double-Bit Axe |
| 10:55 | Crear | Villager (Male) |
| 11:00 | Construir | House |
| 11:05 | Construir | Palisade Wall |
| 11:05 | Construir | Palisade Wall |
| 11:21 | Crear | Scout Cavalry |
| 11:21 | Crear | Scout Cavalry |
| 11:21 | Crear | Scout Cavalry |
| 11:23 | Crear | Scout Cavalry |
| 11:35 | Investigar | Horse Collar |
| 11:44 | Construir | Palisade Wall |
| 11:47 | Crear | Villager (Male) |
| 11:47 | Crear | Villager (Male) |
| 11:48 | Crear | Villager (Male) |
| 11:51 | Crear | Villager (Male) |
| 12:01 | Crear | Scout Cavalry |
| 12:09 | Construir | Farm |
| 12:16 | Construir | Palisade Wall |
| 12:23 | Construir | Farm |
| 12:43 | Construir | Farm |
| 13:05 | Construir | Farm |
| 13:08 | Construir | Farm |
| 13:13 | Crear | Villager (Male) |
| 13:21 | Construir | Farm |
| 13:25 | Construir | Farm |
| 13:40 | Crear | Villager (Male) |
| 13:58 | Crear | Villager (Male) |
| 14:00 | Construir | Farm |
| 14:02 | Construir | Farm |
| 14:44 | Crear | Villager (Male) |
| 14:45 | Crear | Villager (Male) |
| 14:45 | Crear | Villager (Male) |
| 14:47 | Construir | Farm |
| 14:54 | Construir | House |
| 14:55 | Construir | House |
| 14:56 | Construir | House |
| 15:08 | Crear | Villager (Male) |
| 15:11 | Construir | Farm |
| 15:12 | Construir | Farm |
| 15:24 | Construir | Farm |
| 15:25 | Construir | Farm |
| 15:26 | Construir | Farm |
| 15:28 | Construir | Farm |
| 15:32 | Crear | Scout Cavalry |
| 15:32 | Crear | Scout Cavalry |
| 15:47 | Crear | Villager (Male) |
| 15:50 | Construir | Farm |
| 15:53 | Construir | Farm |
| 16:14 | Construir | House |
| 16:15 | Construir | House |
| 16:18 | Crear | Villager (Male) |
| 16:29 | Construir | Mining Camp |
| 16:32 | Crear | Villager (Male) |
| 16:40 | Investigar | Bloodlines |
| 16:57 | Crear | Villager (Male) |
| 17:23 | Construir | Stable |
| 17:26 | Crear | Villager (Male) |
| 17:41 | Crear | Scout Cavalry |
| 17:42 | Crear | Scout Cavalry |
| 17:50 | Construir | Blacksmith |
| 17:52 | Construir | House |
| 18:37 | Crear | Scout Cavalry |
| 18:37 | Crear | Scout Cavalry |
| 18:40 | Crear | Scout Cavalry |
| 18:44 | Crear | Villager (Male) |
| 18:45 | Crear | Villager (Male) |
| 18:49 | Construir | Farm |
| 18:50 | Construir | Farm |
| 18:51 | Construir | Farm |
| 18:52 | Construir | Farm |
| 18:53 | Construir | Farm |
| 19:15 | Investigar | Scale Barding Armor |
| 19:17 | Crear | Scout Cavalry |
| 19:17 | Crear | Scout Cavalry |
| 19:46 | Crear | Scout Cavalry |
| 19:46 | Crear | Scout Cavalry |
| 20:07 | Construir | Stable |
| 20:14 | Crear | Scout Cavalry |
| 20:15 | Crear | Scout Cavalry |
Build order — PedroAOE
150 acciones detectadas en el replay
| 0:01 | Crear | Villager (Male) |
| 0:01 | Crear | Villager (Male) |
| 0:02 | Construir | House |
| 0:03 | Construir | House |
| 0:05 | Crear | Villager (Male) |
| 0:05 | Crear | Villager (Male) |
| 1:31 | Crear | Villager (Male) |
| 1:50 | Construir | Lumber Camp |
| 2:20 | Crear | Villager (Male) |
| 2:21 | Crear | Villager (Male) |
| 2:21 | Crear | Villager (Male) |
| 2:21 | Crear | Villager (Male) |
| 2:48 | Crear | Villager (Male) |
| 3:06 | Construir | Palisade Wall |
| 3:18 | Construir | House |
| 3:26 | Crear | Villager (Male) |
| 3:27 | Crear | Villager (Male) |
| 3:27 | Crear | Villager (Male) |
| 3:50 | Crear | Villager (Male) |
| 3:50 | Crear | Villager (Male) |
| 3:50 | Crear | Villager (Male) |
| 4:02 | Construir | Mill |
| 4:18 | Crear | Villager (Male) |
| 4:18 | Crear | Villager (Male) |
| 4:43 | Crear | Villager (Male) |
| 4:44 | Crear | Villager (Male) |
| 5:05 | Crear | Villager (Male) |
| 5:23 | Crear | Villager (Male) |
| 5:32 | Investigar | Loom |
| 5:45 | Crear | Villager (Male) |
| 6:17 | Crear | Villager (Male) |
| 6:26 | Crear | Villager (Male) |
| 7:27 | Investigar | Feudal Age |
| 7:28 | Investigar | Feudal Age |
| 7:34 | Construir | Barracks |
| 8:25 | Construir | House |
| 9:37 | Edad | Edad Feudal |
| 9:39 | Construir | Stable |
| 9:50 | Crear | Villager (Male) |
| 9:51 | Crear | Spearman |
| 10:09 | Investigar | Double-Bit Axe |
| 10:09 | Investigar | Double-Bit Axe |
| 10:40 | Construir | Farm |
| 10:42 | Construir | Farm |
| 10:45 | Construir | Farm |
| 10:47 | Construir | Farm |
| 10:49 | Construir | House |
| 10:50 | Construir | Palisade Wall |
| 10:51 | Construir | Palisade Wall |
| 10:51 | Construir | Palisade Wall |
| 10:52 | Construir | Palisade Wall |
| 10:53 | Construir | Palisade Wall |
| 10:54 | Construir | Palisade Wall |
| 10:54 | Construir | Palisade Wall |
| 10:56 | Crear | Scout Cavalry |
| 10:56 | Crear | Scout Cavalry |
| 10:59 | Crear | Villager (Male) |
| 11:03 | Construir | House |
| 11:05 | Construir | Palisade Wall |
| 11:07 | Construir | Palisade Wall |
| 11:07 | Construir | Palisade Wall |
| 11:08 | Construir | Palisade Wall |
| 11:11 | Construir | Palisade Wall |
| 11:12 | Construir | Palisade Wall |
| 11:28 | Crear | Villager (Male) |
| 11:32 | Crear | Villager (Male) |
| 11:36 | Construir | Farm |
| 11:38 | Construir | Farm |
| 11:43 | Crear | Villager (Male) |
| 11:47 | Construir | Farm |
| 12:04 | Crear | Spearman |
| 12:04 | Crear | Spearman |
| 12:11 | Construir | Farm |
| 12:31 | Crear | Villager (Male) |
| 12:38 | Crear | Spearman |
| 13:00 | Crear | Villager (Male) |
| 13:24 | Crear | Scout Cavalry |
| 13:25 | Crear | Scout Cavalry |
| 13:33 | Crear | Villager (Male) |
| 13:49 | Crear | Villager (Male) |
| 13:49 | Crear | Villager (Male) |
| 13:58 | Construir | Farm |
| 14:00 | Construir | Farm |
| 14:01 | Construir | Farm |
| 14:06 | Crear | Villager (Male) |
| 14:10 | Construir | House |
| 14:12 | Construir | Farm |
| 14:15 | Construir | Farm |
| 14:19 | Construir | Farm |
| 14:20 | Construir | Farm |
| 14:28 | Crear | Scout Cavalry |
| 14:45 | Crear | Spearman |
| 14:50 | Construir | House |
| 14:53 | Construir | Palisade Wall |
| 15:04 | Crear | Villager (Male) |
| 15:16 | Construir | Farm |
| 15:17 | Construir | Farm |
| 15:23 | Crear | Villager (Male) |
| 15:40 | Crear | Villager (Male) |
| 15:43 | Construir | Farm |
| 15:46 | Construir | Farm |
| 15:48 | Construir | Farm |
| 16:01 | Construir | Farm |
| 16:15 | Construir | House |
| 16:16 | Construir | House |
| 16:17 | Crear | Villager (Male) |
| 16:20 | Construir | Farm |
| 16:22 | Construir | Farm |
| 16:24 | Construir | House |
| 16:25 | Construir | Palisade Wall |
| 16:33 | Construir | Farm |
| 16:35 | Construir | Farm |
| 16:39 | Construir | Farm |
| 16:40 | Construir | Farm |
| 16:45 | Crear | Spearman |
| 16:45 | Crear | Spearman |
| 16:45 | Crear | Spearman |
| 16:47 | Crear | Villager (Male) |
| 16:54 | Crear | Villager (Male) |
| 17:06 | Construir | House |
| 17:08 | Construir | Palisade Wall |
| 17:09 | Construir | Palisade Wall |
| 17:12 | Crear | Villager (Male) |
| 17:16 | Crear | Villager (Male) |
| 17:55 | Construir | Mining Camp |
| 18:02 | Crear | Villager (Male) |
| 18:12 | Construir | Palisade Wall |
| 18:23 | Crear | Villager (Male) |
| 18:35 | Crear | Villager (Male) |
| 18:43 | Crear | Villager (Male) |
| 18:49 | Construir | Farm |
| 18:53 | Crear | Scout Cavalry |
| 18:53 | Crear | Scout Cavalry |
| 18:59 | Investigar | Bloodlines |
| 19:09 | Construir | Blacksmith |
| 19:16 | Crear | Scout Cavalry |
| 19:16 | Crear | Scout Cavalry |
| 19:31 | Crear | Villager (Male) |
| 19:31 | Crear | Villager (Male) |
| 19:55 | Investigar | Forging |
| 19:56 | Investigar | Scale Barding Armor |
| 20:09 | Crear | Villager (Male) |
| 20:14 | Crear | Villager (Male) |
| 20:15 | Construir | Farm |
| 20:18 | Crear | Villager (Male) |
| 20:21 | Construir | House |
| 20:22 | Construir | House |
| 20:23 | Construir | House |
| 20:29 | Crear | Villager (Male) |
| 20:37 | Construir | Farm |
Build order — ElemenTerra
108 acciones detectadas en el replay
| 0:00 | Crear | Villager (Male) |
| 0:01 | Crear | Villager (Male) ×4 |
| 0:03 | Construir | House |
| 1:20 | Construir | Settlement |
| 1:37 | Crear | Villager (Male) |
| 1:59 | Crear | Villager (Male) |
| 2:25 | Crear | Villager (Male) |
| 2:58 | Investigar | Loom |
| 3:11 | Crear | Villager (Male) |
| 3:12 | Crear | Villager (Male) |
| 3:36 | Crear | Villager (Male) |
| 3:36 | Crear | Villager (Male) |
| 3:55 | Construir | Settlement |
| 4:41 | Crear | Villager (Male) |
| 4:41 | Crear | Villager (Male) |
| 5:01 | Crear | Villager (Male) |
| 6:03 | Construir | House |
| 6:05 | Crear | Villager (Male) |
| 6:05 | Crear | Villager (Male) |
| 6:05 | Crear | Villager (Male) |
| 6:51 | Construir | Settlement |
| 7:02 | Construir | Settlement |
| 7:21 | Crear | Villager (Male) |
| 7:21 | Crear | Villager (Male) |
| 7:22 | Crear | Villager (Male) |
| 8:40 | Investigar | Feudal Age |
| 9:03 | Crear | Villager (Male) |
| 9:03 | Crear | Villager (Male) |
| 9:12 | Construir | Palisade Wall |
| 9:25 | Construir | House |
| 9:26 | Construir | Palisade Wall |
| 9:31 | Construir | Palisade Wall |
| 10:16 | Construir | Palisade Wall |
| 10:23 | Construir | Palisade Wall |
| 10:24 | Construir | Palisade Wall |
| 10:24 | Construir | Palisade Wall |
| 10:30 | Construir | Palisade Wall |
| 10:42 | Construir | Palisade Wall |
| 10:48 | Construir | House |
| 10:50 | Edad | Edad Feudal |
| 10:59 | Construir | Barracks |
| 11:01 | Crear | Skirmisher |
| 11:01 | Crear | Skirmisher |
| 11:01 | Crear | Skirmisher |
| 11:07 | Construir | Palisade Wall |
| 11:09 | Construir | Palisade Wall |
| 11:09 | Construir | Palisade Wall |
| 11:23 | Construir | Blacksmith |
| 11:38 | Crear | Villager (Male) |
| 11:38 | Crear | Villager (Male) |
| 12:08 | Construir | Archery Range |
| 12:12 | Construir | Farm |
| 12:13 | Construir | Farm |
| 12:27 | Crear | Spearman |
| 12:27 | Crear | Spearman |
| 12:29 | Crear | Villager (Male) |
| 12:29 | Crear | Villager (Male) |
| 12:52 | Crear | Spearman |
| 12:54 | Investigar | Fletching |
| 13:47 | Crear | Villager (Male) |
| 13:47 | Crear | Villager (Male) |
| 14:48 | Crear | Villager (Male) |
| 14:48 | Crear | Villager (Male) |
| 14:53 | Construir | Farm |
| 14:54 | Construir | Farm |
| 14:55 | Construir | Farm |
| 15:10 | Crear | Spearman |
| 15:11 | Crear | Spearman |
| 15:12 | Crear | Spearman |
| 15:16 | Investigar | Scale Mail Armor |
| 15:40 | Construir | Farm |
| 15:58 | Crear | Villager (Male) |
| 15:58 | Crear | Villager (Male) |
| 16:23 | Crear | Villager (Male) |
| 16:31 | Construir | Farm |
| 16:48 | Construir | Palisade Wall |
| 16:52 | Construir | Palisade Wall |
| 16:53 | Crear | Villager (Male) |
| 16:55 | Construir | Farm |
| 17:15 | Crear | Villager (Male) |
| 17:25 | Construir | House |
| 17:30 | Construir | House |
| 17:40 | Construir | Farm |
| 17:53 | Crear | Villager (Male) |
| 17:54 | Crear | Villager (Male) |
| 18:07 | Construir | Palisade Gate |
| 18:07 | Construir | Palisade Wall |
| 18:19 | Construir | Settlement |
| 18:24 | Construir | Farm |
| 18:27 | Construir | Farm |
| 18:33 | Construir | Palisade Wall |
| 18:39 | Crear | Villager (Male) |
| 18:47 | Construir | Farm |
| 18:55 | Construir | Farm |
| 19:11 | Crear | Villager (Male) |
| 19:33 | Construir | Settlement |
| 19:33 | Construir | Farm |
| 19:33 | Construir | Farm |
| 19:34 | Construir | Farm |
| 19:34 | Construir | Farm |
| 19:34 | Construir | Farm |
| 19:34 | Construir | Farm |
| 19:35 | Construir | Farm |
| 19:35 | Construir | Farm |
| 19:37 | Construir | Farm |
| 19:38 | Crear | Villager (Male) |
| 19:38 | Crear | Villager (Male) |
| 20:41 | Crear | Villager (Male) |
Cronología de la partida
| 3:06 | PedroAOE · wall_segment Palisade Wall x1 |
| 7:23 | HeliosRK · first_building Barracks |
| 7:34 | PedroAOE · first_building Barracks |
| 7:56 | DS_VARVAGOD · first_building Barracks |
| 8:40 | HeliosRK · wall_segment Palisade Wall x7 |
| 8:42 | HeliosRK · wall_segment Palisade Wall x11 |
| 8:54 | DS_VARVAGOD · age_up feudal |
| 8:57 | DS_VARVAGOD · first_building Archery Range |
| 9:12 | ElemenTerra · wall_segment Palisade Wall x1 |
| 9:15 | HeliosRK · wall_segment Palisade Wall x11 |
| 9:24 | HeliosRK · age_up feudal |
| 9:26 | ElemenTerra · wall_segment Palisade Wall x1 |
| 9:31 | ElemenTerra · wall_segment Palisade Wall x4 |
| 9:37 | PedroAOE · age_up feudal |
| 9:39 | PedroAOE · first_building Stable |
| 10:02 | HeliosRK · first_building Stable |
| 10:16 | ElemenTerra · wall_segment Palisade Wall x1 |
| 10:23 | ElemenTerra · wall_segment Palisade Wall x1 |
| 10:24 | ElemenTerra · wall_segment Palisade Wall x1 |
| 10:24 | ElemenTerra · wall_segment Palisade Wall x1 |
| 10:30 | ElemenTerra · wall_segment Palisade Wall x1 |
| 10:42 | ElemenTerra · wall_segment Palisade Wall x9 |
| 10:47 | DS_VARVAGOD · wall_segment Palisade Wall x4 |
| 10:50 | ElemenTerra · age_up feudal |
| 10:50 | PedroAOE · wall_segment Palisade Wall x1 |
| 10:51 | PedroAOE · wall_segment Palisade Wall x1 |
| 10:51 | PedroAOE · wall_segment Palisade Wall x1 |
| 10:52 | PedroAOE · wall_segment Palisade Wall x1 |
| 10:53 | PedroAOE · wall_segment Palisade Wall x1 |
| 10:54 | PedroAOE · wall_segment Palisade Wall x1 |
| 10:54 | PedroAOE · wall_segment Palisade Wall x1 |
| 10:59 | ElemenTerra · first_building Barracks |
| 11:05 | HeliosRK · wall_segment Palisade Wall x1 |
| 11:05 | HeliosRK · wall_segment Palisade Wall x1 |
| 11:05 | PedroAOE · wall_segment Palisade Wall x1 |
| 11:07 | PedroAOE · wall_segment Palisade Wall x1 |
| 11:07 | ElemenTerra · wall_segment Palisade Wall x1 |
| 11:07 | PedroAOE · wall_segment Palisade Wall x1 |
| 11:08 | PedroAOE · wall_segment Palisade Wall x2 |
| 11:09 | ElemenTerra · wall_segment Palisade Wall x1 |
| 11:09 | ElemenTerra · wall_segment Palisade Wall x1 |
| 11:11 | PedroAOE · wall_segment Palisade Wall x1 |
| 11:12 | PedroAOE · wall_segment Palisade Wall x1 |
| 11:44 | HeliosRK · wall_segment Palisade Wall x20 |
| 12:08 | ElemenTerra · first_building Archery Range |
| 12:16 | HeliosRK · wall_segment Palisade Wall x7 |
| 12:54 | DS_VARVAGOD · wall_segment Palisade Wall x5 |
| 12:56 | DS_VARVAGOD · wall_segment Palisade Wall x8 |
| 14:53 | PedroAOE · wall_segment Palisade Wall x1 |
| 16:16 | DS_VARVAGOD · wall_segment Palisade Wall x7 |
| 16:18 | DS_VARVAGOD · wall_segment Palisade Wall x7 |
| 16:19 | DS_VARVAGOD · wall_segment Palisade Wall x1 |
| 16:25 | PedroAOE · wall_segment Palisade Wall x10 |
| 16:31 | DS_VARVAGOD · wall_segment Palisade Wall x1 |
| 16:32 | DS_VARVAGOD · wall_segment Palisade Wall x1 |
| 16:35 | DS_VARVAGOD · wall_segment Palisade Wall x1 |
| 16:38 | DS_VARVAGOD · wall_segment Palisade Wall x2 |
| 16:48 | ElemenTerra · wall_segment Palisade Wall x11 |
| 16:52 | ElemenTerra · wall_segment Palisade Wall x7 |
| 17:08 | PedroAOE · wall_segment Palisade Wall x11 |
| 17:09 | PedroAOE · wall_segment Palisade Wall x3 |
| 17:23 | DS_VARVAGOD · wall_segment Palisade Wall x17 |
| 18:07 | ElemenTerra · wall_segment Palisade Wall x1 |
| 18:12 | PedroAOE · wall_segment Palisade Wall x11 |
| 18:33 | ElemenTerra · wall_segment Palisade Wall x1 |
| 20:42 | HeliosRK · resign |
[ ANÁLISIS IA · 1 CRÉDITO ]
¿Qué pasó realmente en esta partida?
Wolo.gg analiza cada decisión: build order, eco, micro, errores típicos por bracket. Análisis personalizado por WhatsApp o Discord en 30 segundos.
Guía civ
Etíopes
Perfil
DS_Santi